 Dungeon Crawl Stone Soup version 0.30.0-29-ga12c61a403 (webtiles) character file.

Game seed: 15305767519630657116

56 qw the Chopper (level 3, -4/23 HPs)
             Began as a Gargoyle Fighter on June 4, 2023.
             Killed by divine providence
             ... invoked by an orc priest
              (16 damage)
             ... on level 3 of the Dungeon.
             The game lasted 00:00:47 (1871 turns).

qw the Chopper (Gargoyle Fighter)                   Turns: 1871, Time: 00:00:48

Health: -4/23      AC: 14    Str: 21    XL:     3   Next: 95%
Magic:  3/3        EV:  7    Int:  8    God:
Gold:   129        SH:  4    Dex:  9    Spells: 2/2 levels left

rFire   . . .        Y - +0 war axe
rCold   . . .        c - +0 buckler
rNeg    + + .        i - +2 chain mail {rN+}
rPois   inf          (no helmet)
rElec   +            (no cloak)
rCorr   .            (no gloves)
SInv    .            (no boots)
Will    .....        (no amulet) Stlth
                     (no ring)
HPRegen 0.23/turn    (no ring)
MPRegen 0.08/turn

%: clarity
@: no status effects
A: sickness immunity, AC +3, negative energy resistance 1, electricity
resistance, torment resistance 1, petrification resistance, clarity, mutation
resistance 1
a: no special abilities


You were on level 3 of the Dungeon.
You visited 1 branch of the dungeon, and saw 3 of its levels.

You collected 129 gold pieces.


Innate Abilities, Weirdness & Mutations

You are immune to sickness and miasma.
Your stone body is resilient. (AC +3)
You are immune to poison.
You resist negative energy. (rN+)
You are resistant to electric shocks. (rElec)
You are resistant to unholy torment.
You are immune to petrification.
You possess an exceptional clarity of mind.
You are somewhat resistant to further mutation.


   Skills:
 - Level 3.2 Fighting
 + Level 3.7 Axes
 - Level 3.2 Armour
 - Level 3.2 Shields


You had 2 spell levels left.
You didn't know any spells.
Your spell library was empty.

Inventory:

Hand Weapons
 b - a +2 flail of protection
 Y - a +0 war axe (weapon)
Armour
 c - a +0 buckler (worn)
 i - a +2 chain mail of positive energy (worn)
Scrolls
 j - a scroll of fear {unknown}
 l - a scroll of enchant armour
Potions
 a - a potion of curing {unknown}
 d - a potion of might
 e - a potion of heal wounds
 f - 2 potions of mutation
 g - a potion of degeneration {unknown}
 h - a potion of flight {unknown}

Dungeon Overview and Level Annotations

Branches:
Dungeon (3/15)

Altars:
Kikubaaqudgha


Message History

The adder bites you but does no damage. You block the adder's attack.
You miss the adder.
The adder is lightly wounded.
The orc priest begins to cast a cantrip, but forgets the words!
You block the adder's attack.
The orc priest casts a cantrip, but nothing happens.
You slash the adder!
The adder is almost dead.
The adder bites you but does no damage. x2
You miss the adder.
The adder is almost dead.
The adder barely misses you. x2
You barely miss the adder.
The adder is almost dead.
You block the adder's attack. x2
You closely miss the adder.
The adder is severely wounded.
The adder barely misses you.
You closely miss the adder.
The adder is severely wounded.
You block the adder's attack. The adder bites you but does no damage.
You closely miss the adder.
The adder is severely wounded.
The adder barely misses you. The adder bites you but does no damage.
The orc priest mumbles some strange prayers to Beogh against you.
Beogh smites you!
Ouch! That really hurt!
You closely miss the adder.
The adder is severely wounded.
You block the adder's attack. The adder barely misses you.
You closely miss the adder.
The adder is severely wounded.
The adder bites you but does no damage. x2
You closely miss the adder.
The adder is severely wounded.
The adder bites you but does no damage.
The orc priest calls down the wrath of Beogh upon you.
Beogh smites you!
Ouch! That really hurt!
You die...

#. ###.........#
.. #.. #####.#####
...
#..#########.....#
...##
#..^...........#
.....
##.#############
..oo ##.# bo###.##
#S#.## #@##
#........
#.####### #.# #.#
#.# #.# #.#


You could see an orc priest, an adder, 2 orcs and a bat.

Vanquished Creatures
  A dart slug (D:1)
  6 orcs (D:3)
  8 ball pythons
  3 endoplasms (D:2)
  2 giant cockroaches (D:2)
  4 goblins
  2 hobgoblins (D:1)
  2 jackals (D:1)
  A quokka (D:2)
  A bat (D:1)
  5 frilled lizards
  5 kobolds
  3 rats (D:1)
  A spectral hobgoblin (D:2)
44 creatures vanquished.

Notes
Turn   | Place    | Note
-------+----------+-------------------------------------------
     0 | D:1      | qw the Gargoyle Fighter began the quest for the Orb.
     0 | D:1      | Reached XP level 1. HP: 14/14 MP: 1/1
     0 | D:1      | 0 ||| qw: Version: 0.2-a-107-g4668610
     0 | D:1      | 0 ||| qw: Game counter: 1186
     0 | D:1      | 0 ||| qw: Always use a shield: true
     0 | D:1      | 0 ||| qw: God list: Okawaru
     0 | D:1      | 0 ||| qw: Allow faded altars: false
     0 | D:1      | 0 ||| qw: Do Orc after D:15 true
     0 | D:1      | 0 ||| qw: Do second Lair branch before Depths: true
     0 | D:1      | 0 ||| qw: Lair rune preference: random
     0 | D:1      | 0 ||| qw: Plans: Normal, Zot:1-4, Slime:5, God:TSO, Crypt,
                  | Tomb, Abyss, Pan, Hells, Win
     0 | D:1      | 0 ||| PLANNING D:1-11
   344 | D:1      | Reached XP level 2. HP: 19/19 MP: 2/2
   375 | D:1      | 375 ||| Stepping ~*~*~tactically~*~*~ (hiding).
   550 | D:1      | 550 ||| Stepping ~*~*~tactically~*~*~ (hiding).
   551 | D:1      | 551 ||| Stepping ~*~*~tactically~*~*~ (hiding).
   657 | D:1      | 657 ||| DROPPING +0 club.
  1050 | D:1      | 1050 ||| READING scroll labelled QAEWNO DOCORAR.
  1053 | D:1      | 1053 ||| READING scroll labelled EPPACY DUEN.
  1054 | D:1      | 1054 ||| DRINKING 2 grey potions.
  1055 | D:1      | 1055 ||| DRINKING 3 sedimented red potions.
  1055 | D:1      | Gained mutation: You possess an exceptional clarity of
                  | mind. [potion of mutation]
  1055 | D:1      | Gained mutation: You are somewhat resistant to further
                  | mutation. [potion of mutation]
  1099 | D:2      | Reached skill level 3 in Axes
  1101 | D:2      | Identified the +8 battleaxe of Iffun {spect, rElec rC+
                  | MP-9}
  1114 | D:2      | Found an ancient bone altar of Kikubaaqudgha.
  1115 | D:2      | 1115 ||| Stepping ~*~*~tactically~*~*~ (stealth).
  1116 | D:2      | 1116 ||| Stepping ~*~*~tactically~*~*~ (stealth).
  1138 | D:2      | Reached XP level 3. HP: 23/23 MP: 3/3
  1161 | D:2      | Found a faded altar of an unknown god.
  1761 | D:2      | 1761 ||| UPGRADING to +2 chain mail of positive energy.
  1771 | D:2      | 1771 ||| DROPPING +0 scale mail.
  1772 | D:2      | 1772 ||| READING scroll labelled TYOTUB KINN.
  1808 | D:3      | 1808 ||| Stepping ~*~*~tactically~*~*~ (stealth).
  1824 | D:3      | 1824 ||| DROPPING +0 whip.
  1871 | D:3      | Killed from afar by an orc priest

Levels and vault maps discovered:
D:1:      wander_arrival_estate, layout_loops_ring, roderic_lattice_a
D:2:      layout_loops_cross, basic_altar,
          dreamdust_ecumenical_altar_drowned_temple, minmay_misc_feat_five,
          minmay_pentomino_z2
D:3:      layout_loops_ring, mainiacjoe_overflow_swirl, gammafunk_ghost_icy,
          uniq_sigmund

Skill      XL: |  1  2 |
---------------+-------+-----
Axes           | 2 3 |  3.7
Fighting       | |  3.2
Armour         | |  3.2
Shields        | |  3.2

Action                     || total
---------------------------++-------
  Melee: War axe           ||   118
    Use: Scroll            ||     3
         Potion            ||     2
 Armour: Scale mail        ||    52
         Chain mail        ||    16
  Dodge: Dodged            ||    44
  Block: Buckler           ||    21

Table legend:
 A = Non-vault XP
 B = Vault XP
 C = Vault XP percentage of total XP
 D = Non-vault monster count
 E = Vault monster count
 F = Vault count percentage of total count
                 A         B        C        D         E       F
            +---------+---------+-------+---------+---------+-------
      Total |      75 |       5 |   6.2 |      41 |       3 |   6.8
            +---------+---------+-------+---------+---------+-------
        D:1 |      29 |       0 |   0.0 |      18 |       0 |   0.0
        D:2 |      26 |       5 |  16.1 |      16 |       3 |  15.8
        D:3 |      20 |       0 |   0.0 |       7 |       0 |   0.0
            +---------+---------+-------+---------+---------+-------
